Description

Max out at 9:21 (before 9:45 for BTGM 2021 Zerg Gold) Replay (map) still accessible in SC2 !

Replay - Gold 2 - ZvP - Game 6

Build Order

Get SALT Encoding   

  12  0:00  Drone  
  13  0:13  Overlord  
  13  0:18  Drone  
  14  0:32  Drone x2  
  16  0:49  Hatchery  
  15  0:53  Drone x2  
  16  0:59  Drone  
  18  1:14  Spawning Pool  
  18  1:16  Drone  
  18  1:21  Drone  
  19  1:29  Drone  
  20  1:32  Extractor  
  21  2:03  Queen x2  
  27  2:17  Overlord  
  27  2:29  Overlord  
  31  2:44  Lair  
  31  2:46  Queen  
  37  3:07  Overlord x2  
  37  3:23  Roach Warren  
  37  3:25  Evolution Chamber  
  42  3:53  Extractor x2  
  42  3:54  Zerg Missile Weapons Level 1  
  46  4:06  Glial Reconstitution  
  48  4:10  Queen  
  48  4:14  Hatchery  
  49  4:29  Roach x5  
  73  5:14  Hydralisk Den  
  73  5:17  Evolution Chamber  
  73  5:19  Extractor  
  75  5:36  Extractor x2  
  81  5:51  Hatchery  
  85  6:11  Zerg Missile Weapons Level 2  
  85  6:12  Zerg Ground Armor Level 1  
  85  6:13  Grooved Spines  
  85  6:20  Hydralisk x2  
  89  6:42  Hydralisk x8  
  121  7:24  Muscular Augments  
  140  7:44  Overseer x2  
  140  7:47  Hatchery  
  139  8:01  Infestation Pit  
  171  8:24  Extractor x2  
  169  8:49  Hive  
  199  9:24  Zerg Ground Armor Level 2  
  199  10:07  Zerg Missile Weapons Level 3, Lurker Den  
  152  10:43  Hatchery  
  149  11:05  Roach x5  
  149  11:11  Extractor x2  
  200  11:45  Zerg Ground Armor Level 3  
  200  12:08  Adaptive Talons  
  174  13:05  Seismic Spines  
  190  13:36  Overseer x2  
  200  14:00  Hatchery  
Spawning Tool Build Advisor. Get it on Overwolf

Go to:

Details

  • Created by: g.georgi@gmail.com
  • Published on: May 01, 2025
  • Modified on: May 01, 2025
  • Patch: 5.0.11
  • Difficulty: Medium
Show
View Real Time Build Order
Export as new Build Order

Comments (0)

There are no comments. Be the first!

Create an account to comment!